 Dungeon Sprint DCSS version 0.27-a0-1060-gcb85b5eba1 (webtiles) character file.

Game seed: 12394425815887465752

130041 mhtbhm the Archmage (level 16, -7/83 HPs)
             Began as a Deep Elf Fire Elementalist on Apr 21, 2021.
             Was the Champion of Vehumet.
             Splashed by an ancient lich's acid (10 damage)
             ... in the Dungeon (Sprint V: "Ziggurat Sprint").
             The game lasted 00:25:07 (2683 turns).

mhtbhm the Archmage (Deep Elf Fire Elementalist)    Turns: 2683, Time: 00:25:08

Health: -7/83      AC: 16    Str:  5    XL:     16   Next: 52%
Magic:  49/49      EV: 34    Int: 41    God:    Vehumet [******]
Gold:   0          SH:  0    Dex: 18    Spells: 12/69 levels left

rFire    + . .     SeeInvis .   C - +8 lance "Wyrmbane" {slay drac, rPois rF+ rC+ AC+3}
rCold    + . .     Faith    .   (no shield)
rNeg     . . .     Spirit   .   a - +2 robe {Will+}
rPois    +         Reflect  .   M - +2 helmet {Int+3}
rElec    +         Harm     .   G - +2 cloak {rCorr}
rCorr    +         Rampage  .   s - +0 pair of gloves {Dex+3}
Will     +++..     NoTele   +   x - +1 pair of boots {Stlth+}
Stlth    ++++......             z - amulet "Baugaojym" {RegenMP rElec Will+ Regen+ Int+4}
HPRegen  1.23/turn              F - ring "Gyufij" {rCorr EV+4 Int+6}
MPRegen  0.56/turn              J - ring of the Hare {EV+8}

@: studying 2 skills
A: no striking features
a: Renounce Religion


You were in the Dungeon.
You worshipped Vehumet.
Vehumet was exalted by your worship.
You visited 1 branch

Inventory:

Hand Weapons
 C - the +8 lance "Wyrmbane" (weapon) {slay drac, rPois rF+ rC+ AC+3}
   (You found it in the Dungeon)

   It affects your AC (+3).
   It protects you from fire.
   It protects you from cold.
   It protects you from poison.
Missiles
 D - a throwing net
Armour
 a - a +2 robe of willpower (worn)
 s - a +0 pair of gloves of dexterity (worn)
 x - a +1 pair of boots of stealth (worn)
 G - a +2 cloak of preservation (worn)
 M - a +2 helmet of intelligence (worn)
Jewellery
 t - the ring "Mextiywo" {+Blink rElec rC- rN++ Will+}
   (You found it in the Dungeon)

   [ring of willpower]

   It makes you vulnerable to cold.
   It insulates you from electricity.
   It greatly protects you from negative energy.
   It lets you blink.
   It increases your willpower.
 w - the ring of the Mage {Wiz Will++ Int+3}
   (You found it in the Dungeon)

   [ring of wizardry]

   It improves your spell success rate.
   It affects your intelligence (+3).
   It greatly increases your willpower.
 z - the amulet "Baugaojym" (around neck) {RegenMP rElec Will+ Regen+ Int+4}
   (You found it in the Dungeon)

   [amulet of magic regeneration]

   It increases your rate of magic regeneration.
   It affects your intelligence (+4).
   It insulates you from electricity.
   It increases your rate of health regeneration.
   It increases your willpower.
 F - the ring "Gyufij" (left hand) {rCorr EV+4 Int+6}
   (You found it in the Dungeon)

   [ring of evasion]

   It affects your evasion (+4).
   It affects your intelligence (+6).
   It protects you from acid and corrosion.
 J - the ring of the Hare (right hand) {EV+8}
   (You found it in the Dungeon)

   [ring of evasion]

   It affects your evasion (+8).
 L - the amulet of Vitality {Regen+ HP+15}
   (You found it in the Dungeon)

   [amulet of regeneration]

   It affects your health (+15).
   It increases your rate of health regeneration.
Wands
 y - a wand of mindburst (4)
Scrolls
 m - 3 scrolls of amnesia
 n - 6 scrolls of fog
 o - a scroll of holy word
 p - 5 scrolls of identify
 q - 2 scrolls of fear
 u - 8 scrolls of enchant armour
 A - 4 scrolls of enchant weapon
 E - 3 scrolls of brand weapon
Potions
 b - 2 potions of brilliance
 c - 10 potions of curing
 d - a potion of heal wounds
 e - 12 potions of haste
 f - 7 potions of magic
 g - 3 potions of berserk rage
 i - 2 potions of invisibility
 j - 4 potions of resistance
 k - a potion of experience
 l - 6 potions of might
Miscellaneous
 r - a tin of tremorstones (2/2)
 v - a phantom mirror
 B - a lightning rod (4/4)
 H - a condenser vane
 I - a box of beasts
 K - a piece from Xom's chessboard (15/15)


   Skills:
 + Level 3.5 Fighting
 + Level 3.2 Polearms
 + Level 15.6 Dodging
 - Level 5.8 Stealth
 O Level 27 Spellcasting
 + Level 16.4 Conjurations
 + Level 1.5 Transmutations
 O Level 27 Fire Magic
 * Level 23.8 Earth Magic
 + Level 21.3 Evocations


You had 12 spell levels left.
You knew the following spells:

 Your Spells              Type           Power      Damage    Failure   Level
a - Foxfire               Conj/Fire      100%       2x1d9     0%          1
c - Inner Flame           Hex/Fire       100%       N/A       0%          3
d - Sticky Flame          Conj/Fire      100%       2d11      0%          4
e - Fireball              Conj/Fire      62%        3d24      0%          5
f - Ignition              Fire           67%        3d18      1%          8
g - Statue Form           Tmut/Erth      68%        N/A       1%          6
h - Ignite Poison         Fire/Tmut/Pois 93%        N/A       0%          3
i - Orb of Destruction    Conj           56%        9d16      1%          7
j - Irradiate             Conj/Tmut      46%        3d28      1%          5
k - Freezing Cloud        Conj/Ice/Air   39%        6-21      1%          6
l - Shatter               Erth           64%        3d48*     1%          9

Your spell library contained the following spells:

 Spells                   Type           Power      Damage    Failure   Level
 Conjure Ball Lightning   Conj/Air       44%        3x3d15    1%          6
 Magic Dart               Conj           100%       1d8       0%          1
 Sandblast                Erth           100%       2d20      0%          1
 Shock                    Conj/Air       100%       1d9       0%          1
 Passwall                 Tmut/Erth      85%        N/A       0%          2
 Searing Ray              Conj           100%       3d7       0%          2
 Static Discharge         Conj/Air       89%        N/A       0%          2
 Conjure Flame            Conj/Fire      100%       6-21      0%          3
 Stone Arrow              Conj/Erth      100%       3d13      0%          3
 Petrify                  Tmut/Erth      100%       N/A       0%          4
 Bolt of Magma            Conj/Fire/Erth 63%        4d25      0%          5
 Lee's Rapid Deconstruct  Erth           64%        3d30*     0%          5
 Starburst                Conj/Fire      62%        8x6d16    0%          6
 Animate Skeleton         Necr           100%       N/A       1%          1
 Apportation              Tloc           100%       N/A       1%          1
 Corona                   Hex            58%        N/A       1%          1
 Freeze                   Ice            100%       1d11      1%          1
 Sting                    Tmut/Pois      100%       1d8       1%          1
 Summon Small Mammal      Summ           100%       N/A       1%          1
 Corpse Rot               Necr/Air       N/A        N/A       1%          2
 Ensorcelled Hibernation  Hex/Ice        100%       N/A       1%          2
 Slow                     Hex            53%        N/A       1%          2
 Sublimation of Blood     Necr           26%        N/A       1%          2
 Confusing Touch          Hex            53%        N/A       1%          3
 Dazzling Flash           Conj/Hex       100%       N/A       1%          3
 Lesser Beckoning         Tloc           26%        N/A       1%          3
 Ozocubu's Armour         Ice            53%        N/A       1%          3
 Portal Projectile        Hex/Tloc       100%       N/A       1%          3
 Spider Form              Tmut/Pois      28%        N/A       1%          3
 Summon Guardian Golem    Hex/Summ       53%        N/A       1%          3
 Swiftness                Air            53%        N/A       1%          3
 Teleport Other           Tloc           53%        N/A       1%          3
 Tukima's Dance           Hex            53%        N/A       1%          3
 Animate Armour           Summ/Erth      100%       N/A       1%          4
 Fulminant Prism          Conj/Hex       44%        3d20      1%          4
 Hailstorm                Conj/Ice       89%        3d18      1%          4
 Leda's Liquefaction      Hex/Erth       50%        N/A       1%          4
 Borgnjor's Vile Clutch   Necr/Erth      50%        N/A       1%          5
 Lightning Bolt           Conj/Air       44%        1d64      1%          5
 Yara's Violent Unravell  Hex/Tmut       28%        3d12      1%          5
 Lehudib's Crystal Spear  Conj/Erth      60%        10d14     1%          8
 Fire Storm               Conj/Fire      62%        8d16      1%          9
 Animate Dead             Necr           26%        N/A       2%          4
 Cause Fear               Hex            26%        N/A       2%          4
 Dispel Undead            Necr           53%        3d19      2%          4
 Passage of Golubria      Tloc           N/A        N/A       2%          4
 Summon Ice Beast         Ice/Summ       53%        N/A       2%          4
 Summon Lightning Spire   Summ/Air       53%        N/A       2%          4
 Alistair's Intoxication  Tmut/Pois      38%        N/A       6%          5
 Agony                    Necr           53%        N/A       8%          5
 Excruciating Wounds      Necr           26%        N/A       8%          5
 Silence                  Hex/Air        26%        N/A       8%          5
 Summon Forest            Summ/Tloc      26%        N/A       8%          5
 Chain Lightning          Conj/Air       44%        N/A       17%         8
 Blade Hands              Tmut           30%        N/A       24%         6
 Death Channel            Necr           26%        N/A       41%         6
 Dispersal                Tloc           26%        N/A       41%         6
 Invisibility             Hex            53%        N/A       41%         6
 Shadow Creatures         Summ           N/A        N/A       41%         6
 Simulacrum               Ice/Necr       26%        N/A       41%         6
 Ozocubu's Refrigeration  Ice            26%        4d10      50%         7
 Dragon Form              Tmut           30%        N/A       78%         7
 Haunt                    Necr/Summ      26%        N/A       94%         7
 Malign Gateway           Summ/Tloc      26%        N/A       94%         7
 Monstrous Menagerie      Summ           26%        N/A       94%         7
 Summon Hydra             Summ           26%        N/A       94%         7
 Discord                  Hex            26%        N/A       100%        8
 Summon Horrible Things   Summ           26%        N/A       100%        8
 Absolute Zero            Ice            26%        ∞         100%        9
 Tornado                  Air            26%        N/A       100%        9


Dungeon Overview and Level Annotations

Branches:
Dungeon (1/1)

Altars:
Ashenzari
Cheibriados
Dithmenos
Elyvilon
Fedhas
Gozag
Hepliaklqana
Kikubaaqudgha
Makhleb
Nemelex Xobeh
Okawaru
Qazlal
Ru
Sif Muna
Trog
Uskayaw
Vehumet
Wu Jian
Xom
Yredelemnul
Zin
The Shining One
Beogh
Jiyva
Lugonu

Annotations:
D exclusion: draconian


Message History

You feel your power returning.
The fireball engulfs the vault guard!!
You kill the vault guard!
Vehumet accepts your kill.
You feel your power returning.
The fireball engulfs the vault guard!
The vault guard is moderately wounded.
The fireball engulfs the vault guard!
The vault guard resists.
You kill the vault guard!
Vehumet accepts your kill.
The fireball engulfs something!
The fireball engulfs something.
The ancient lich points at you and mumbles some strange words.
The bolt of acid misses you.
A vault guard comes into view. It is wielding a +2 great mace.
The shadow dragon breathes negative energy at you.
The bolt of negative energy hits you!!
You feel drained.
* * * LOW HITPOINT WARNING * * *
You hear a shout!
Your life force feels restored.
Unknown command.
Casting: Ignition (safe; 1% risk of failure)
Confirm with . or Enter, or press ? or * to list all spells.
Casting: Ignition (safe; 1% risk of failure)
Press: ? - help, Dir - look around, f - activate The air bursts into flame!
The fireball engulfs the ancient lich!!
The ancient lich resists.
You destroy the ancient lich!
Vehumet accepts your kill.
You feel your power returning.
The fireball engulfs the vault guard!
The vault guard is heavily wounded.
The fireball engulfs something!
The fireball engulfs the vault guard!!!
You kill the vault guard!
Vehumet accepts your kill.
The fireball engulfs the shadow dragon!!
The shadow dragon is almost dead.
A vault guard comes into view. It is wielding a +0 great sword.
You hear some strange, mumbled words.
A bolt of acid appears from out of thin air!
The bolt of acid hits you!! You resist.
* * * LOW HITPOINT WARNING * * *
You are splashed with acid!
You resist.
You die...

▓....)):
.()))))p):)|)..
▓....|).
....).))).).().
▓.......
.......p..{....
▓.......
........[..)...
▓.......
.......D.......
▓.......
...............
▓.......
...............
▓.......
.......@.......
▓...▓...
...▓.......▓...
▓..▓▓▓.. ..
▓▓.....▓▓ ..
▓...▓...
...▓.......▓...
▓.......
...............
▓.......
...............
▓▓▓▓▓▓▓▓
.......©.......
▓▓▓▓▓▓▓▓▓▓▓▓▓▓▓


You could see a shadow dragon (catching breath) and 2 vault guards.

Vanquished Creatures
  3 ancient liches (D)
  A royal mummy (D)
  2 bone dragons (D)
  A pearl dragon (D)
  5 liches (D)
  9 shadow dragons (D)
  2 daevas (D)
  A very ugly thing (D)
  A vampire knight (D)
  6 stone giants (D)
  2 apis (D)
  3 entropy weavers (D)
  A blizzard demon (D)
  A merfolk impaler (D)
  3 merfolk javelineers (D)
  3 mummy priests (D)
  2 fire dragons (D)
  30 vault guards (D)
  A yaktaur captain (D)
  An ice dragon (D)
  A peacekeeper (D)
  2 boulder beetles (D)
  An alligator snapping turtle (D)
  A merfolk aquamancer (D)
  2 death scarabs (D)
  2 hell hogs (D)
  A vampire mage (D)
  A large abomination (D)
  2 hell knights (D)
  2 sea snakes (D)
  A cherub (D)
  A wizard (D)
  2 ironbound convokers (D)
  8 wolf spiders (D)
  4 necromancers (D)
  4 orb spiders (D)
  A manticore (D)
  A cyclops (D)
  A moth of wrath (D)
  4 draconians (D)
  A merfolk siren (D)
  A rust devil (D)
  2 smoke demons (D)
  A black mamba (D)
  3 rime drakes (D)
  6 yaktaurs (D)
  A hellion (D)
  A komodo dragon (D)
  3 efreet (D)
  2 demonic crawlers (D)
  2 freezing wraiths (D)
  6 guardian mummies (D)
  A red devil (D)
  An ancient zyme (D)
  3 jumping spiders (D)
  A polar bear (D)
  2 merfolk (D)
  A snapping turtle (D)
  6 wind drakes (D)
  4 hornets (D)
  A shadow (D)
  A spriggan (D)
  2 flying skulls (D)
  5 redbacks (D)
  2 yaks (D)
  A tarantella (D)
  A ynoxinul (D)
  5 fire elementals (D)
  3 vampires (D)
  2 ushabtiu (D)
  A hog (shapeshifter) (D)
  A chaos spawn (D)
  2 nagas (D)
  7 small abominations (D)
  A water moccasin (D)
  5 hell hounds (D)
  A swamp drake (D)
  An ice beast (D)
  2 black bears (D)
  3 necrophages (D)
  3 wolves (D)
  A centaur (D)
  A bullfrog (D)
  An earth elemental (D)
  6 wights (D)
  4 crimson imps (D)
  3 quasits (D)
  A jelly (D)
  3 iron imps (D)
  11 mummies (D)
  3 adders (D)
  2 shadow imps (D)
  4 white imps (D)
  8 ufetubi (D)
  2 adder skeletons (D)
  An adder zombie (D)
  6 bat skeletons (D)
  4 bat zombies (D)
  2 ball pythons (D)
  2 ball python simulacra (D)
  A ball python skeleton (D)
  3 ball python zombies (D)
  3 bat simulacra (D)
  A giant cockroach zombie (D)
  A jackal skeleton (D)
  A quokka skeleton (D)
  A quokka zombie (D)
  2 fire vortices (D)
296 creatures vanquished.

Vanquished Creatures (collateral kills)
  A skeletal warrior (D)
  2 fire vortices (D)
3 creatures vanquished.

Vanquished Creatures (others)
  A fire giant (D)
  2 foxfires (D)
3 creatures vanquished.

Grand Total: 302 creatures vanquished

Notes
Turn   | Place    | Note
-------+----------+-------------------------------------------
     0 | D        | mhtbhm the Deep Elf Fire Elementalist began the quest for
                  | the Orb.
     0 | D        | Reached XP level 1. HP: 10/10 MP: 6/6
     0 | D        | Found a shimmering blue altar of Sif Muna.
     0 | D        | Found a bloodstained altar of Trog.
     0 | D        | Found a sacrificial altar of Ru.
     0 | D        | Found a stormy altar of Qazlal.
     0 | D        | Found an iron altar of Okawaru.
     1 | D        | Found a sparkling altar of Nemelex Xobeh.
     1 | D        | Found a blossoming altar of Fedhas.
     2 | D        | Found the +6 Majin-Bo {vamp, MP+6 Int+6}
     2 | D        | Found the +9 heavy crossbow "Sniper" {vorpal, Acc+∞ SInv}
     2 | D        | Found the +10 dark maul {vorpal}
     2 | D        | Found the +15 Maxwell's patent armour {-Cast -Tele rElec
                  | Will+ rCorr}
     2 | D        | Found the +18 shield of the Gong {rElec rN+ Will+ EV-5}
     2 | D        | Found the +14 obsidian axe {vorpal, Drain Fly SInv}
     2 | D        | Found the +7 great mace "Firestarter" {inner flame, rF++}
     2 | D        | Found the +6 shillelagh "Devastator" {shatter}
     2 | D        | Found the +11 plutonium sword {Contam Stlth-}
     2 | D        | Found the +8 lance "Wyrmbane" {slay drac, rPois rF+ rC+
                  | AC+3}
     2 | D        | Found the +9 sword of Zonguldrok {reap}
     2 | D        | Found the +13 scythe of Curses {drain, Drain}
     2 | D        | Found the +5 sword of Power {vorpal}
     2 | D        | Found the +7 mace of Variability {chain chaos}
     2 | D        | Found the +7 Singing Sword {vorpal, sonic wave}
     2 | D        | Found the +8 storm bow {elec, penet}
     3 | D        | Found a transporter.
     3 | D        | Found an ancient bone altar of Kikubaaqudgha.
     3 | D        | Found a viscous altar of Jiyva.
     3 | D        | Found a corrupted altar of Lugonu.
     3 | D        | Found a hazy altar of Hepliaklqana.
     3 | D        | Found a burning altar of Makhleb.
     3 | D        | Found an opulent altar of Gozag.
    35 | D        | Became a worshipper of Vehumet
    56 | D        | Entered arena 2.
    56 | D        | Noticed a rime drake
    56 | D        | Noticed a swamp drake
    56 | D        | Found a transporter.
    60 | D        | Killed a rime drake
    61 | D        | Reached skill level 5 in Dodging
    61 | D        | Reached skill level 5 in Stealth
    61 | D        | Reached skill level 10 in Fire Magic
    61 | D        | Reached XP level 2. HP: 15/15 MP: 6/12
    61 | D        | Reached XP level 3. HP: 19/19 MP: 7/14
    61 | D        | Reached XP level 4. HP: 24/24 MP: 7/15
    61 | D        | Reached XP level 5. HP: 28/28 MP: 7/17
    62 | D        | Killed a swamp drake
    63 | D        | Reached XP level 6. HP: 32/32 MP: 7/19
   343 | D        | Learned a level 3 spell: Conjure Flame
   347 | D        | Learned a level 3 spell: Inner Flame
   352 | D        | Learned a level 4 spell: Sticky Flame
   358 | D        | Learned a level 5 spell: Fireball
   361 | D        | Entered arena 3.
   361 | D        | Found a transporter.
   363 | D        | Reached * piety under Vehumet
   363 | D        | Offered knowledge of Sandblast by Vehumet.
   419 | D        | Entered arena 4.
   419 | D        | Noticed a spriggan
   419 | D        | Found a transporter.
   421 | D        | Reached ** piety under Vehumet
   422 | D        | Reached XP level 7. HP: 36/36 MP: 14/22
   423 | D        | Killed a spriggan
   424 | D        | Reached skill level 10 in Spellcasting
   517 | D        | Entered arena 5.
   517 | D        | Noticed a draconian
   517 | D        | Noticed a draconian
   517 | D        | Noticed a draconian
   517 | D        | Noticed a draconian
   517 | D        | Found a transporter.
   523 | D        | Killed a draconian
   523 | D        | Offered knowledge of Shock by Vehumet.
   523 | D        | Reached *** piety under Vehumet
   523 | D        | Killed a draconian
   523 | D        | Killed a draconian
   524 | D        | Reached skill level 15 in Fire Magic
   524 | D        | Reached XP level 8. HP: 41/41 MP: 15/26
   525 | D        | Killed a draconian
   526 | D        | Reached skill level 5 in Evocations
   526 | D        | Reached XP level 9. HP: 45/45 MP: 6/27
   634 | D        | Entered arena 6.
   634 | D        | Found a transporter.
   635 | D        | Reached **** piety under Vehumet
   661 | D        | Entered arena 7.
   661 | D        | Noticed a guardian mummy
   662 | D        | Offered knowledge of Poisonous Vapours by Vehumet.
   662 | D        | Reached ***** piety under Vehumet
   664 | D        | Killed a guardian mummy
   665 | D        | Found a transporter.
   674 | D        | Got the Grimoire of Feathers and the Volcanoes
   710 | D        | Learned a level 8 spell: Ignition
   711 | D        | Entered arena 8.
   711 | D        | Noticed a komodo dragon
   712 | D        | Killed a komodo dragon
   712 | D        | Reached ****** piety under Vehumet
   714 | D        | Found a transporter.
   721 | D        | Got the Tome of the Bewitching Blaze
   763 | D        | Entered arena 9.
   763 | D        | Noticed a vault guard
   763 | D        | Noticed an ironbound convoker
   763 | D        | Noticed a peacekeeper
   763 | D        | Noticed a vault guard
   763 | D        | Noticed an ironbound convoker
   763 | D        | Noticed a vault guard
   763 | D        | Noticed a wizard
   764 | D        | Killed an ironbound convoker
   764 | D        | Killed a wizard
   764 | D        | Killed an ironbound convoker
   764 | D        | Killed a peacekeeper
   764 | D        | Killed a vault guard
   765 | D        | Reached XP level 10. HP: 50/50 MP: 29/32
   766 | D        | Killed a vault guard
   766 | D        | Killed a vault guard
   767 | D        | Reached skill level 10 in Conjurations
   767 | D        | Found a transporter.
   824 | D        | Entered arena 10.
   824 | D        | Noticed a cyclops
   825 | D        | Killed a cyclops
   825 | D        | Offered knowledge of Olgreb's Toxic Radiance by Vehumet.
   826 | D        | Reached XP level 11. HP: 38/54 MP: 33/35
   827 | D        | Found a transporter.
   836 | D        | Got the Almanac of Blistering Stones
   915 | D        | Entered arena 11.
   924 | D        | Learned a level 6 spell: Statue Form
   924 | D        | Found a transporter.
   938 | D        | Got the amulet of Xemorch {Acrobat -Cast Harm Int+2}
   957 | D        | Entered arena 12.
   957 | D        | Noticed a necromancer
   957 | D        | Noticed a necromancer
   957 | D        | Noticed a necromancer
   958 | D        | Killed a necromancer
   958 | D        | Killed a necromancer
   958 | D        | Killed a necromancer
   958 | D        | Killed a necromancer
   960 | D        | Found the ring of the Hare {EV+8}
   960 | D        | Found a transporter.
   997 | D        | Entered arena 13.
   997 | D        | Noticed a hell knight
   998 | D        | Offered knowledge of Ignite Poison by Vehumet.
   998 | D        | Noticed a hell knight
  1004 | D        | Found a transporter.
  1007 | D        | Killed a hell knight
  1008 | D        | Killed a hell knight
  1063 | D        | Got the ring "Mextiywo" {+Blink rElec rC- rN++ Will+}
  1084 | D        | Got the amulet "Baugaojym" {RegenMP rElec Will+ Regen+
                  | Int+4}
  1113 | D        | Learned a level 3 spell: Ignite Poison
  1116 | D        | Entered arena 14.
  1117 | D        | Noticed a blizzard demon
  1117 | D        | Noticed an ice dragon
  1118 | D        | Offered knowledge of Hailstorm by Vehumet.
  1119 | D        | Killed a blizzard demon
  1119 | D        | Killed an ice dragon
  1120 | D        | Reached XP level 12. HP: 59/59 MP: 35/40
  1121 | D        | Found a transporter.
  1130 | D        | Got the amulet of Qagreap {Faith rF+ Int+4}
  1154 | D        | Entered arena 15.
  1155 | D        | Noticed an apis
  1155 | D        | Noticed a daeva
  1156 | D        | Noticed a daeva
  1156 | D        | Noticed an apis
  1157 | D        | Noticed a pearl dragon
  1158 | D        | Killed an apis
  1158 | D        | Killed a daeva
  1159 | D        | Reached skill level 1 in Transmutations
  1159 | D        | Killed a daeva
  1159 | D        | Killed a pearl dragon
  1162 | D        | Killed an apis
  1214 | D        | Found a transporter.
  1241 | D        | Got Dieteach's Catalogue of Creative Poisoning
  1243 | D        | Got the ring "Gyufij" {rCorr EV+4 Int+6}
  1245 | D        | Got the Volume of Earthen Cold
  1258 | D        | Entered arena 16.
  1259 | D        | Noticed an alligator snapping turtle
  1259 | D        | Noticed a merfolk javelineer
  1259 | D        | Noticed a merfolk javelineer
  1259 | D        | Identified the +5 plate armour of Compression {Str+4 Dex+2}
  1259 | D        | Noticed a merfolk javelineer
  1259 | D        | Noticed a merfolk aquamancer
  1260 | D        | Killed a merfolk javelineer
  1260 | D        | Killed a merfolk aquamancer
  1262 | D        | Reached XP level 13. HP: 63/63 MP: 38/43
  1262 | D        | Killed a merfolk javelineer
  1263 | D        | Noticed a merfolk impaler
  1264 | D        | Reached skill level 5 in Earth Magic
  1266 | D        | Killed a merfolk impaler
  1267 | D        | Killed a merfolk javelineer
  1323 | D        | Found a transporter.
  1337 | D        | Got the ring "Bantor" {rC- Will+ rCorr Slay+3}
  1374 | D        | Entered arena 17.
  1378 | D        | Offered knowledge of Orb of Destruction by Vehumet.
  1378 | D        | Noticed a vampire knight
  1381 | D        | Killed a vampire knight
  1384 | D        | Identified the ring of Xom's Ringing Laughter {Fire rElec}
  1608 | D        | Found a transporter.
  1627 | D        | Got the Almanac of the Mutagenic Voyage
  1643 | D        | Entered arena 18.
  1654 | D        | Learned a level 7 spell: Orb of Destruction
  1654 | D        | Noticed a bone dragon
  1655 | D        | Found the +8 demon blade "Leech" {vamp, *Rage +Rage rN+}
  1656 | D        | Offered knowledge of Iskenderun's Battlesphere by Vehumet.
  1665 | D        | Found a transporter.
  1673 | D        | Killed a bone dragon
  1676 | D        | Reached skill level 1 in Fighting
  1723 | D        | Got the ring of Xudu Gui {rElec rPois rF- rCorr MP+9}
  1756 | D        | Learned a level 5 spell: Irradiate
  1757 | D        | Entered arena 19.
  1760 | D        | Noticed a red very ugly thing
  1760 | D        | Noticed a bone dragon
  1766 | D        | Killed a red very ugly thing
  1767 | D        | Reached skill level 10 in Evocations
  1768 | D        | Killed a bone dragon
  1773 | D        | Found the ring of the Mage {Wiz Will++ Int+3}
  1773 | D        | Found a transporter.
  1841 | D        | Entered arena 20.
  1865 | D        | Noticed a fire dragon
  1865 | D        | Noticed a fire dragon
  1876 | D        | Learned a level 6 spell: Freezing Cloud
  1880 | D        | Noticed a fire giant
  1892 | D        | Offered knowledge of Bolt of Magma by Vehumet.
  1896 | D        | Identified the +5 mace of Dithmenos's Supremacy {drain,
                  | rPois rF+}
  1899 | D        | Reached skill level 10 in Earth Magic
  1900 | D        | Reached skill level 27 in Spellcasting
  1903 | D        | Reached XP level 14. HP: 33/72 MP: 47/47
  1905 | D        | Killed a fire giant
  1906 | D        | Reached skill level 1 in Polearms
  1958 | D        | Found a transporter.
  2058 | D        | Got the Papyrus of Torrid Confrontation
  2077 | D        | Got the ring "Unnec" {Ice rElec rN+ Slay+3}
  2100 | D        | Learned a level 9 spell: Shatter
  2152 | D        | Entered arena 21.
  2156 | D        | Noticed an ancient lich
  2156 | D        | Noticed a shadow dragon
  2156 | D        | Noticed a stone giant
  2156 | D        | Noticed a lich
  2157 | D        | Offered knowledge of Eringya's Noxious Bog by Vehumet.
  2157 | D        | Killed a stone giant
  2157 | D        | Noticed a shadow dragon
  2157 | D        | Noticed a stone giant
  2157 | D        | Noticed a shadow dragon
  2157 | D        | Noticed a stone giant
  2158 | D        | Killed a shadow dragon
  2158 | D        | Killed a lich
  2158 | D        | Killed a stone giant
  2159 | D        | Reached skill level 10 in Dodging
  2159 | D        | Killed an ancient lich
  2159 | D        | Killed a stone giant
  2159 | D        | Noticed a shadow dragon
  2160 | D        | Killed a shadow dragon
  2160 | D        | Noticed a shadow dragon
  2162 | D        | Killed a shadow dragon
  2162 | D        | Killed a shadow dragon
  2163 | D        | Reached skill level 15 in Evocations
  2163 | D        | Noticed a lich
  2163 | D        | Identified the +5 flail of Kismet {flame, +Blink rElec
                  | rPois Stlth-}
  2164 | D        | Reached skill level 15 in Earth Magic
  2169 | D        | Killed a shadow dragon
  2169 | D        | Noticed a shadow dragon
  2170 | D        | Reached XP level 15. HP: 66/78 MP: 27/48
  2170 | D        | Killed a lich
  2174 | D        | Killed a shadow dragon
  2240 | D        | Found a transporter.
  2278 | D        | Got Awuik's Volume of Icy Venom
  2336 | D        | Entered arena 22.
  2341 | D        | Found the amulet of Vitality {Regen+ HP+15}
  2341 | D        | Offered knowledge of Spellforged Servitor by Vehumet.
  2341 | D        | Noticed a royal mummy
  2346 | D        | Killed a royal mummy
  2347 | D        | Reached skill level 27 in Fire Magic
  2347 | D        | Identified the +9 hand axe of Bloody Death {venom, rPois
                  | Int-3 Dex+9}
  2398 | D        | Found a transporter.
  2444 | D        | Entered arena 23.
  2452 | D        | Reached skill level 15 in Conjurations
  2570 | D        | Found a transporter.
  2579 | D        | Got the ring of the Final Spines {rPois rF+ Str+3 Int-3}
  2584 | D        | Got the Handbook of Displaced Creation
  2594 | D        | Got the Papyrus of Snow and Clay
  2603 | D        | Got the amulet "Senau" {rElec rC+ Regen+}
  2669 | D        | Entered arena 24.
  2676 | D        | Noticed a lich
  2676 | D        | Noticed a lich
  2676 | D        | Noticed a shadow dragon
  2676 | D        | Noticed an ancient lich
  2677 | D        | Found the +2 hood of the Assassin {Detection Stab+ Stlth++}
  2677 | D        | Noticed a shadow dragon
  2677 | D        | Identified the +8 rapier of Aczoraqici {vamp, +Rage rC-
                  | Int+4 Dex+6}
  2677 | D        | Offered knowledge of Conjure Ball Lightning by Vehumet.
  2677 | D        | Noticed a shadow dragon
  2678 | D        | Killed a lich
  2678 | D        | Noticed an ancient lich
  2678 | D        | Noticed a shadow dragon
  2678 | D        | Identified the ring "Ypaetes" {Fly rElec rPois Will-}
  2679 | D        | Reached XP level 16. HP: 39/83 MP: 49/49
  2679 | D        | Noticed an ancient lich
  2679 | D        | Killed a lich
  2679 | D        | Killed a shadow dragon
  2679 | D        | Killed a shadow dragon
  2679 | D        | Noticed a lich
  2680 | D        | Killed a shadow dragon
  2680 | D        | Killed an ancient lich
  2680 | D        | Identified the ring "Fatumiunoni" {*Slow rC++ rCorr Str+2
                  | Slay+6}
  2681 | D        | Reached skill level 15 in Dodging
  2681 | D        | Killed a lich
  2683 | D        | Killed an ancient lich
  2683 | D        | HP: 3/83 [something/bolt of acid (20)]
  2683 | D        | Splashed by an ancient lich's acid

Illustrated notes

Levels and vault maps discovered:
D:        sprint_v [room_start, room_1, room_2, room_3, room_4, room_5, room_6,
          room_7, room_8, room_9, room_10, room_11, room_12, room_13, room_14,
          room_15, room_16, room_17, room_18, room_19, room_20, room_21,
          room_22, room_23, room_24, room_25, room_26, room_27]

Skill      XL: |  1  2  3  4  5  6  7  8  9 10 11 12 13 14 15 16 |
---------------+-------------------------------------------------+-----
Dodging        | 5 6 7 8 9 11 13 15 | 15.6
Stealth        | 5 |  5.8
Spellcasting   | 7 8 9 12 16 18 22 24 27 | 27.0
Fire Magic     | 10 11 12 15 17 18 20 22 23 25 27 | 27.0
Evocations     | 2 3 4 5 6 7 8 9 10 15 19 21 | 21.3
Conjurations   | 2 6 9 10 11 12 14 15 16 | 16.4
Transmutations | 1 |  1.5
Earth Magic    | 4 10 15 20 23 | 23.8
Fighting       | 2 3 |  3.5
Polearms       | 2 3 |  3.2

Action                   |  1- 3 |  4- 6 |  7- 9 | 10-12 | 13-15 | 16-18 || total
-------------------------+-------+-------+-------+-------+-------+-------++-------
Melee: Lance             |       |       |       |       |     5 |       ||     5
 Cast: Fireball          |       |     3 |     8 |     1 |     5 |       ||    17
       Sticky Flame      |       |       |     2 |       |       |       ||     2
       Ignition          |       |       |     3 |    20 |    41 |     5 ||    69
       Foxfire           |       |       |       |     1 |       |       ||     1
       Orb of Destructio |       |       |       |       |    13 |       ||    13
       Freezing Cloud    |       |       |       |       |     1 |       ||     1
Evoke: Wand              |     3 |     2 |     3 |     4 |     5 |       ||    17
       Tin of tremorston |       |       |       |     2 |     6 |       ||     8
       Condenser vane    |       |       |       |     1 |     4 |       ||     5
       Lightning rod     |       |       |       |       |    16 |       ||    16
       Box of beasts     |       |       |       |       |     3 |       ||     3
       Phantom mirror    |       |       |       |       |     1 |       ||     1
  Use: Scroll            |     1 |       |     1 |     1 |     3 |       ||     6
       Potion            |       |       |       |       |    11 |       ||    11
Armor: Robe              |       |       |       |       |    10 |       ||    10
Dodge: Dodged            |       |       |       |     4 |    30 |     1 ||    35

Table legend: (Time is in decaauts)
 A = Elapsed time spent in this place.
 B = Non-inter-level travel time spent in this place.
 C = Inter-level travel time spent in this place.
 D = Time resting spent in this place.
 E = Time spent auto-exploring this place.
 F = Levels seen in this place.
 G = Mean time per level.
                   A        B        C        D        E       F      G
               +--------+--------+--------+--------+--------+-----+--------+
         Total |   2672 |   2672 |      0 |   1361 |     36 |   1 | 2672.0 |
       Dungeon |   2672 |   2672 |      0 |   1361 |     36 |   1 | 2672.0 |
               +--------+--------+--------+--------+--------+-----+--------+

Top non-repeatable levels by time:
       D: 2672 daAuts
